 Dungeon Crawl Stone Soup version 0.23-a0-180-ga5275e7 (webtiles) character file.

116147 Amnesiac the Lord of Darkness (level 16, -18/121 HPs)
             Began as a Mummy Monk on Sept 18, 2018.
             Was the Champion of Kikubaaqudgha.
             Shot with an arrow by a deep elf archer (20 damage)
             ... on level 1 of the Elven Halls.
             The game lasted 01:17:19 (30036 turns).

Amnesiac the Lord of Darkness (Mummy Monk)         Turns: 30036, Time: 01:17:20

Health: -18/121    AC: 14    Str: 21    XL:     16   Next: 20%
Magic:  21/43      EV: 15    Int: 16    God:    Kikubaaqudgha [******]
Gold:   2443       SH:  7    Dex: 15    Spells: 18/44 levels left

rFire    + . .     SeeInvis .   a - +3 scimitar (elec)
rCold    . . .     Gourm    .   p - +2 buckler
rNeg     + + +     Faith    .   Q - +0 fire dragon scales
rPois    ∞         Spirit   .   E - +2 helmet
rElec    .         Reflect  .   q - +0 cloak
rCorr    .         Harm     .   R - +1 pair of gloves "Raf Widd" {rPois Str+7}
MR       ++...                  (no boots)
Stlth    ..........             A - amulet of magic regeneration
HPRegen  0.30/turn              S - ring of magical power
MPRegen  0.53/turn              o - ring of wizardry

@: no status effects
A: no food or potions, fire vulnerability, cold resistance 1, negative energy
resistance 3, torment resistance, unbreathing, in touch with death 1
a: Receive Corpses, Torment, Brand Weapon With Pain, Receive Necronomicon,
Renounce Religion


You were on level 1 of the Elven Halls.
You worshipped Kikubaaqudgha.
Kikubaaqudgha was exalted by your worship.
You were not hungry.

You visited 5 branches of the dungeon, and saw 25 of its levels.
You also visited: Bailey and Ice Cave.

You collected 3261 gold pieces.
You spent 818 gold pieces at shops.

Inventory:

Hand Weapons
 a - a +3 scimitar of electrocution (weapon)
 c - a +0 blowgun
 e - the +3 falchion "Tosoe" {slice, rF+ rC+ rN+}
   (You found it in an ice cave)

   It inflicts extra damage upon your enemies.
   It protects you from fire.
   It protects you from cold.
   It protects you from negative energy.
Missiles
 w - 78 poisoned needles
Armour
 p - a +2 buckler (worn)
 q - a +0 cloak (worn)
 E - a +2 helmet (worn)
 I - a +2 robe of fire resistance
 K - a scarf of cloud immunity
 Q - +0 fire dragon scales (worn)
 R - the +1 pair of gloves "Raf Widd" (worn) {rPois Str+7}
   (You found it on level 13 of the Dungeon)

   It affects your strength (+7).
   It protects you from poison.
Magical Staves
 b - an uncursed staff of energy
 L - an uncursed staff of air
Jewellery
 n - a +3 ring of protection
 o - a ring of wizardry (right hand)
 A - an amulet of magic regeneration (around neck)
 G - an uncursed amulet of guardian spirit
 S - a ring of magical power (left hand)
Wands
 j - a wand of random effects (46)
 s - a wand of disintegration (2)
 v - a wand of polymorph (35)
 B - a wand of scattershot (4)
 M - a wand of flame (30)
 N - a wand of iceblast (17)
Scrolls
 d - 4 scrolls of enchant weapon {!r}
 g - 5 scrolls of amnesia {!r}
 h - 5 scrolls of magic mapping {!r}
 i - 6 scrolls of blinking {!r}
 k - 5 scrolls of fog {!r}
 l - 3 scrolls of enchant armour {!r}
 m - 9 scrolls of remove curse {!r}
 r - 4 scrolls of holy word {!r}
 t - 4 scrolls of noise {!r}
 u - 14 scrolls of teleportation {!r}
 z - a scroll of brand weapon {!r}
 D - 12 scrolls of identify {!r}
 H - 5 scrolls of fear {!r}
 O - a scroll of torment {!r}
Miscellaneous
 x - a sack of spiders
 y - a crystal ball of energy
 C - a phantom mirror
 J - a box of beasts
 P - a lamp of fire


   Skills:
 + Level 9.7 Fighting
   Level 8.0 Short Blades
 * Level 10.3 Dodging
 - Level 1.5 Stealth
 - Level 5.4 Shields
 + Level 14.5 Spellcasting
 - Level 18.0 Necromancy
 - Level 4.0 Evocations


You had 18 spell levels left.
You knew the following spells:

 Your Spells              Type           Power        Failure   Level  Hunger
a - Bolt of Draining      Conj/Necr      ######....   6%          5    N/A
b - Animate Dead          Necr           N/A          1%          4    N/A
c - Vampiric Draining     Necr           #######...   1%          3    N/A
d - Dispel Undead         Necr           #######.     1%          5    N/A
e - Agony                 Necr           #######.     1%          5    N/A
s - Corpse Rot            Necr           N/A          0%          2    N/A
v - Blink                 Tloc           N/A          13%         2    N/A

Your spell library contained the following spells:

 Spells                   Type           Power        Failure   Level  Hunger
 Animate Skeleton         Necr           N/A          0%          1    N/A
 Pain                     Necr           ####         0%          1    N/A
 Death Channel            Necr           #######...   1%          6    N/A
 Excruciating Wounds      Chrm/Necr      ######....   6%          5    N/A
 Flame Tongue             Conj/Fire      ##...        9%          1    N/A
 Magic Dart               Conj           ##..         9%          1    N/A
 Sting                    Conj/Pois      ##..         9%          1    N/A
 Call Imp                 Summ           ##......     13%         2    N/A
 Poisonous Vapours        Pois/Air       ##....       13%         2    N/A
 Slow                     Hex            ##......     13%         2    N/A
 Throw Flame              Conj/Fire      ##....       13%         2    N/A
 Conjure Flame            Conj/Fire      ##......     26%         3    N/A
 Ignite Poison            Fire/Tmut/Pois ##......     26%         3    N/A
 Inner Flame              Hex/Fire       ##......     26%         3    N/A
 Mephitic Cloud           Conj/Pois/Air  ##......     26%         3    N/A
 Cause Fear               Hex            ##........   61%         4    N/A
 Leda's Liquefaction      Hex/Erth       ##........   61%         4    N/A
 Sticky Flame             Conj/Fire      ##......     61%         4    N/A
 Alistair's Intoxication  Tmut/Pois      ##......     90%         5    N/A
 Bolt of Magma            Conj/Fire/Erth ##........   90%         5    N/A
 Fireball                 Conj/Fire      ##........   90%         5    N/A
 Silence                  Hex/Air        ##........   90%         5    N/A
 Venom Bolt               Conj/Pois      ##........   90%         5    N/A
 Yara's Violent Unravell  Hex/Tmut       ##........   90%         5    N/A
 Deflect Missiles         Chrm/Air       ##........   100%        6    N/A
 Iron Shot                Conj/Erth      ##........   100%        6    N/A
 Discord                  Hex            ##........   100%        8    N/A
 Shatter                  Erth           ##........   100%        9    N/A
 Regeneration             Chrm/Necr      Unusable     N/A         3    N/A
 Statue Form              Tmut/Erth      Unusable     N/A         6    N/A

Dungeon Overview and Level Annotations

Branches:
Dungeon (15/15)            Temple (1/1) D:5            Lair (6/6) D:10
  Swamp (0/4) Lair:2        Snake (0/4) Lair:2        Slime (0/5) Lair:6
    Orc (2/2) D:9             Elf (1/3) Orc:2        Vaults (0/5) D:14
 Depths (0/5) D:15

Altars:
Ashenzari
Cheibriados
Dithmenos
Elyvilon
Fedhas
Gozag
Hepliaklqana
Kikubaaqudgha
Makhleb
Nemelex Xobeh
Okawaru
Qazlal
Ru
Sif Muna
Trog
Uskayaw
Vehumet
Wu Jian
Xom
Yredelemnul
Zin
The Shining One
Beogh

Shops:
D:9 :}=?=   D:10 }   D:13 *(!:!   D:15 (   Orc:1 }   Orc:2 :*![


Innate Abilities, Weirdness & Mutations

You do not eat or drink.
Your flesh is vulnerable to fire.
You are immune to poison.
Your flesh is cold resistant. (rC+)
You are immune to negative energy. (rN+++)
You are immune to unholy pain and torment.
You can survive without breathing.
You are in touch with the powers of death.


Message History

You hear some strange, mumbled words.
You barely miss something. Something hits you!
* * * LOW HITPOINT WARNING * * *
The deep elf mage points at you and mumbles some strange words.
The bolt of magma misses you.
The bolt of magma hits your deep elf archer zombie.
You hear some strange, mumbled words.
A shard of ice appears from out of thin air!
The shard of ice hits you!
* * * LOW HITPOINT WARNING * * *
You swap places.
The deep elf mage casts a spell.
Something hits your deep elf archer zombie!
You see here an arrow.
What are your orders? t - Shout!
Orders for allies: a - Attack new target. p - Attack previous target. r - Retreat! s - Stop attacking. g - Guard the area. f - Follow me.
Anything else - Cancel.
Gang up on whom?
Press: ? - help, Dir - move target cursor, f/p - deep elf mage
Aim: a deep elf mage, wielding a short sword and wearing a scale mail (severely Attack!
Something hits your deep elf archer zombie.
The deep elf mage points at you and mumbles some strange words.
The stone arrow hits something.
Reactivating autopickup.
You feel a bit more experienced.
Unknown command.
The deep elf mage hits your deep elf archer zombie with a short sword.
The deep elf mage hits your deep elf archer zombie with a short sword!
Your deep elf archer zombie crumbles into dust!
The deep elf mage hits your deep elf archer zombie with a short sword.
The deep elf mage hits your deep elf archer zombie but does no damage.
The deep elf mage casts a spell at your deep elf archer zombie.
The bolt of magma hits your deep elf archer zombie.
Your deep elf archer zombie is destroyed!
The bolt of magma hits your deep elf mage zombie.
You hear a shout!
What are your orders? t - Shout!
Orders for allies: a - Attack new target. p - Attack previous target. r - Retreat! s - Stop attacking. g - Guard the area. f - Follow me.
Anything else - Cancel.
Gang up on whom?
Press: ? - help, Dir - move target cursor, f/p - deep elf mage
Aim: a deep elf mage, wielding a short sword and wearing a scale mail (almost Attack!
The deep elf mage gestures at your deep elf mage zombie while chanting.
The bolt of magma hits your deep elf mage zombie.
The bolt of magma hits your deep elf mage zombie.
A bolt of magma appears from out of your range of vision.
The deep elf mage dies!
Kikubaaqudgha accepts your kill.
Your magical contamination has completely faded away.
You see here 2 arrows.
The deep elf archer shoots an arrow.
The arrow hits you!!
* * * LOW HITPOINT WARNING * * *
You see here an arrow.
The deep elf archer shoots an arrow.
The arrow hits you!!
You die...
Kikubaaqudgha rasps: "You have failed me!
Welcome... oblivion!"

.#..........#.....#)(........#.#.
.#........e......(.([....(.....#.
.#..........Z......#...........#.
.#...#.####....)...............#.
.......# ###.(......#.(.....#...
....#### #...........(....####.
############....#....#.#.........
.......Z.........(.........######
..#.##Z####.#...@....#.###.#
..#.##.####.##.(...#.......#
..........#.###...####.#####
.##.##Z##.#.##.#### #.#
....Z.Z..........### ###
........#....).....#
........#..........#
.)......#.|.#.#.)..#
........#..........#


You could see a deep elf archer and a friendly deep elf mage zombie.

Vanquished Creatures
  An orc warlord (Orc:2)
  A dire elephant (Lair:3)
  A deep elf death mage (Elf:1)
  2 fire dragons
  Josephine (D:15)
  5 hydras
  4 vault guards (D:14)
  2 centaur warriors
  An ice dragon (Lair:6)
  A catoblepas (Lair:5)
  23 two-headed ogres
  A dancing weapon (Elf:1)
  4 ogre magi (Orc:2)
  8 death yaks (Lair:6)
  A vampire mage (D:15)
  2 deep elf knights (Elf:1)
  2 skeletal warriors (D:15)
  A swamp dragon (Lair:6)
  3 unseen horrors
  2 lindwurms (Lair:6)
  Pikel (D:5)
  3 deep elf archers (Elf:1)
  2 necromancers
  An orc sorcerer (Orc:1)
  An orc knight (Bailey)
  7 ugly things
  11 deep elf magi
  2 fire giant zombies (D:15)
  A manticore (D:14)
  4 cyclopes
  A shadow dragon skeleton (D:15)
  2 ice statues (IceCv)
  3 centaur zombies (D:13)
  20 elephants
  5 black mambas
  A gargoyle (D:9)
  9 spiny frogs
  5 torpor snails (Lair:6)
  A centaur skeleton (D:13)
  4 komodo dragons
  A kobold demonologist (D:12)
  A freezing wraith (Lair:4)
  A rime drake (Lair:6)
  4 ice devils (IceCv)
  7 trolls
  3 tyrant leeches (Lair:6)
  3 polar bears
  6 hornets
  9 blink frogs
  6 slime creatures (D:13)
  9 hippogriffs
  11 dream sheep (Lair:6)
  A shadow (D:12)
  2 vampires
  Eustachio (D:5)
  5 basilisks
  8 wraiths
  37 yaks
  Grum (D:8)
  An elf zombie (D:15)
  2 fire elementals
  A wyvern (Lair:4)
  3 hungry ghosts
  3 steam dragons
  7 vampire mosquitoes
  4 nagas (Lair:2)
  A swamp worm (shapeshifter) (D:14)
  5 wargs
  Edmund (D:4)
  3 acid dragons
  2 porcupines
  7 water moccasins
  2 swamp drakes (Lair:6)
  8 ice beasts
  2 hornet zombies
  16 orc warriors
  3 sky beasts
  38 ogres
  4 centaurs
  21 wolves
  17 crocodiles
  3 big kobolds
  15 bullfrogs
  4 scorpions
  16 killer bees
  5 wights
  6 howler monkeys
  4 bullfrog zombies
  3 crimson imps
  A draconian simulacrum (IceCv)
  7 jellies
  8 hounds
  A quasit (D:8)
  11 orc priests
  2 bullfrog skeletons
  7 iguanas
  18 orc wizards
  Jessica (D:2)
  Terence (D:2)
  3 troll simulacra (IceCv)
  10 worker ants
  2 spriggan simulacra (IceCv)
  A killer bee zombie (D:8)
  A hound zombie (D:5)
  Robin (D:2)
  2 howler monkey skeletons
  11 adders
  2 gnolls
  2 naga simulacra (IceCv)
  4 shadow imps
  3 white imps (Lair:4)
  2 adder zombies
  5 oozes (D:8)
  2 adder skeletons (D:4)
  3 worms
  7 dart slugs
  6 leopard geckos
  71 orcs
  A ball python (D:3)
  5 bats
  4 giant cockroaches
  17 goblins
  19 hobgoblins
  13 jackals
  7 quokkas
  44 kobolds
  A leopard gecko skeleton (D:4)
  10 rats
  A plant (Lair:6)
790 creatures vanquished.

Vanquished Creatures (collateral kills)
  A hydra (D:14)
  2 dancing weapons (Elf:1)
  A wizard (D:15)
  2 deep elf magi (Elf:1)
  2 ugly things (D:15)
  8 oklob plants
  2 elephants (Lair:3)
  A molten gargoyle (D:14)
  A gargoyle (D:14)
  2 ice statues
  2 ice devils (IceCv)
  A hornet (Lair:6)
  A spriggan (Lair:3)
  A water elemental (Elf:1)
  2 yaks
  A fire elemental (Elf:1)
  3 insubstantial wisps (Lair:2)
  2 bullfrogs (D:14)
  A scorpion (D:14)
  A worker ant (D:14)
  A centaur simulacrum (IceCv)
  An ogre simulacrum (IceCv)
  9 fungi (Lair:3)
  6 plants (Lair:3)
54 creatures vanquished.

Vanquished Creatures (others)
  A deep elf knight (Elf:1)
  An ice beast (D:5)
  A slave (D:5)
  A centaur (D:5)
  An orc (Orc:2)
  A jackal (D:5)
  46 fungi
  16 plants
  A withered plant (D:15)
69 creatures vanquished.

Grand Total: 913 creatures vanquished

Notes
Turn   | Place    | Note
-------+----------+-------------------------------------------
     0 | D:1      | Amnesiac the Mummy Monk began the quest for the Orb.
     0 | D:1      | Reached XP level 1. HP: 18/18 MP: 1/1
   107 | D:1      | Reached XP level 2. HP: 23/24 MP: 2/2
   267 | D:3      | Reached XP level 3. HP: 24/29 MP: 3/3
   385 | D:3      | Noticed a centaur
   622 | D:3      | Killed a centaur
   622 | D:3      | Reached XP level 4. HP: 18/35 MP: 4/4
   937 | D:4      | Found a radiant altar of Vehumet.
   976 | D:4      | Reached XP level 5. HP: 35/41 MP: 5/5
  1017 | D:5      | Entered Level 5 of the Dungeon
  1048 | D:5      | Noticed an ice beast
  1087 | D:4      | Reached skill level 5 in Short Blades
  1354 | D:4      | Noticed Edmund
  1408 | D:4      | Killed Edmund
  1408 | D:4      | Reached XP level 6. HP: 28/47 MP: 6/6
  2069 | D:5      | Noticed a sky beast
  2097 | D:5      | Killed a sky beast
  2097 | D:5      | Reached XP level 7. HP: 33/52 MP: 7/7
  2170 | D:5      | Found a staircase to the Ecumenical Temple.
  2181 | Temple   | Entered the Ecumenical Temple
  2339 | Temple   | Became a worshipper of Kikubaaqudgha
  2339 | Temple   | Reached * piety under Kikubaaqudgha
  2339 | Temple   | Identified Kikubaaqudgha's Tome of Necromancy
                  | (Kikubaaqudgha gifted it to you in the Ecumenical Temple)
  2339 | Temple   | Received a gift from Kikubaaqudgha
  2339 | Temple   | Reached ** piety under Kikubaaqudgha
  2483 | D:2      | Noticed Robin
  2519 | D:2      | Killed Robin
  2799 | D:1      | Learned a level 2 spell: Blink
  3064 | D:2      | Noticed Jessica
  3075 | D:2      | Killed Jessica
  3326 | D:2      | Found a shadowy altar of Dithmenos.
  3419 | D:3      | Noticed Terence
  3437 | D:2      | Killed Terence
  3488 | D:3      | Reached *** piety under Kikubaaqudgha
  3488 | D:3      | Identified Kikubaaqudgha's Tome of Dark Arts (Kikubaaqudgha
                  | gifted it to you on level 3 of the Dungeon)
  3488 | D:3      | Received a gift from Kikubaaqudgha
  3920 | D:3      | Found a blossoming altar of Fedhas.
  4106 | D:5      | Noticed Pikel
  4147 | D:5      | Killed Pikel
  4147 | D:5      | Reached skill level 2 in Necromancy
  4147 | D:5      | Reached XP level 8. HP: 50/58 MP: 7/12
  4263 | D:5      | Learned a level 2 spell: Corpse Rot
  4273 | D:5      | Learned a level 5 spell: Dispel Undead
  4333 | D:5      | Reached skill level 3 in Necromancy
  4370 | D:5      | Noticed Eustachio
  4382 | D:5      | Killed Eustachio
  4387 | D:5      | Reached skill level 4 in Necromancy
  4434 | D:5      | Learned a level 5 spell: Agony
  4728 | D:5      | Found a stormy altar of Qazlal.
  5350 | D:6      | Reached skill level 1 in Shields
  5494 | D:6      | Reached **** piety under Kikubaaqudgha
  5918 | D:7      | Reached XP level 9. HP: 61/63 MP: 15/15
  6084 | D:7      | Noticed a two-headed ogre
  6209 | D:7      | Killed a two-headed ogre
  6209 | D:7      | Reached skill level 5 in Shields
  6403 | D:7      | Reached skill level 5 in Necromancy
  6474 | D:7      | Found a glowing golden altar of the Shining One.
  6480 | D:7      | Reached skill level 5 in Spellcasting
  6889 | D:7      | Reached skill level 6 in Necromancy
  7154 | D:7      | Found a deep blue altar of Sif Muna.
  7372 | D:8      | Noticed Grum
  7650 | D:8      | Learned a level 3 spell: Vampiric Draining
  7998 | D:8      | Reached skill level 7 in Necromancy
  8140 | D:8      | Reached XP level 10. HP: 70/70 MP: 19/19
  8148 | D:8      | Learned a level 4 spell: Animate Dead
  8738 | D:8      | Killed Grum
  8766 | D:8      | Reached skill level 8 in Necromancy
  9053 | D:9      | Found Iggahycw's Magic Scroll Emporium.
  9212 | D:9      | Found a deep blue altar of Sif Muna.
  9230 | D:9      | Found a glowing silver altar of Zin.
  9230 | D:9      | Found an opulent altar of Gozag.
  9230 | D:9      | Found an iron altar of Okawaru.
  9260 | D:9      | Noticed a deep elf mage
  9260 | D:9      | Noticed a gargoyle
  9266 | D:9      | Killed a gargoyle
  9266 | D:9      | Reached ***** piety under Kikubaaqudgha
  9275 | D:9      | Killed a deep elf mage
  9275 | D:9      | Reached skill level 9 in Necromancy
  9307 | D:9      | Noticed a purple ugly thing
  9316 | D:9      | Killed a purple ugly thing
  9321 | D:9      | Identified the Grimoire of Envenoming and Evil
  9373 | D:9      | Got a bound lead ring
  9383 | D:9      | Identified the ring "Onotz" {Str+4 Dex+3} (You found it on
                  | level 9 of the Dungeon)
  9461 | D:9      | Found Xavek's Gadget Shop.
  9463 | D:9      | Found Wegez's Book Boutique.
  9498 | D:9      | Found a staircase to the Orcish Mines.
  9725 | D:9      | Found Cinek's Jewellery Shop.
  9820 | D:9      | Reached skill level 10 in Necromancy
  9829 | D:9      | Learned a level 5 spell: Bolt of Draining
  9864 | D:9      | Bought a scroll of blinking for 97 gold pieces
  9878 | D:9      | Found Ecviolen's Jewellery Shop.
 10074 | Orc:1    | Entered Level 1 of the Orcish Mines
 10176 | Orc:1    | Noticed an orc sorcerer
 10185 | Orc:1    | Found Mol Kit's Gadget Boutique.
 10187 | Orc:1    | Killed an orc sorcerer
 10187 | Orc:1    | Reached XP level 11. HP: 58/75 MP: 11/24
 10719 | Orc:2    | Entered Level 2 of the Orcish Mines
 10821 | Orc:2    | Found a roughly hewn altar of Beogh.
 10867 | Orc:2    | Noticed an orc warlord
 10901 | Orc:2    | Killed an orc warlord
 10901 | Orc:2    | Reached skill level 11 in Necromancy
 11042 | Orc:2    | Reached skill level 10 in Spellcasting
 11229 | Orc:2    | Found a staircase to the Elven Halls.
 11397 | Orc:2    | Noticed a two-headed ogre
 11397 | Orc:2    | Noticed a two-headed ogre
 11397 | Orc:2    | Noticed a two-headed ogre
 11397 | Orc:2    | Noticed a two-headed ogre
 11397 | Orc:2    | Noticed a two-headed ogre
 11419 | Orc:2    | Noticed an ogre mage
 11449 | Orc:2    | Noticed a two-headed ogre
 11462 | Orc:1    | Killed a two-headed ogre
 11538 | Orc:2    | Killed a two-headed ogre
 11538 | Orc:2    | Reached skill level 12 in Necromancy
 11695 | Orc:2    | Noticed a two-headed ogre
 11695 | Orc:2    | Noticed a two-headed ogre
 11715 | Orc:2    | Killed a two-headed ogre
 11726 | Orc:2    | Killed a two-headed ogre
 11780 | Orc:2    | Killed a two-headed ogre
 11797 | Orc:2    | Reached XP level 12. HP: 75/81 MP: 1/27
 11797 | Orc:2    | Noticed a two-headed ogre
 11799 | Orc:2    | Killed a two-headed ogre
 11859 | Orc:2    | Noticed an ogre mage
 11923 | Orc:2    | Killed an ogre mage
 11923 | Orc:2    | Reached skill level 13 in Necromancy
 12010 | Orc:2    | Noticed an ogre mage
 12034 | Orc:2    | Killed a two-headed ogre
 12039 | Orc:2    | Noticed a two-headed ogre
 12058 | Orc:2    | Noticed a two-headed ogre
 12063 | Orc:2    | Noticed an ogre mage
 12069 | Orc:2    | Noticed a two-headed ogre
 12096 | Orc:2    | Noticed a two-headed ogre
 12102 | Orc:2    | Killed a two-headed ogre
 12277 | Orc:2    | Killed a two-headed ogre
 12334 | Orc:2    | Killed a two-headed ogre
 12367 | Orc:2    | Killed a two-headed ogre
 12663 | Orc:2    | Reached ****** piety under Kikubaaqudgha
 12683 | Orc:2    | Noticed a two-headed ogre
 12692 | Orc:2    | Killed a two-headed ogre
 12692 | Orc:2    | Reached skill level 14 in Necromancy
 12702 | Orc:2    | Killed an ogre mage
 12739 | Orc:2    | Found Ebeef's Distillery.
 12739 | Orc:2    | Found Dich's Book Boutique.
 12739 | Orc:2    | Found Omiutiu's Antique Armour Shop.
 12739 | Orc:2    | Found Nagh's Assorted Antiques.
 12761 | Orc:2    | Killed a two-headed ogre
 12770 | Orc:2    | Noticed a two-headed ogre
 12771 | Orc:2    | Killed a two-headed ogre
 13012 | Orc:2    | Paralysed by an ogre mage for 4 turns
 13017 | Orc:2    | Killed an ogre mage
 13069 | Orc:2    | Killed a two-headed ogre
 13090 | Orc:2    | Killed an ogre mage
 13135 | Orc:2    | Bought a scroll labeled DAFEMAREUNT for 34 gold pieces
 13200 | Orc:2    | Bought an embroidered scarf for 224 gold pieces
 13200 | Orc:2    | Bought an embroidered robe for 103 gold pieces
 13301 | D:9      | You fall through a shaft for 2 floors!
 13329 | D:10     | Entered Level 10 of the Dungeon
 13355 | D:10     | Found a staircase to the Lair.
 13415 | D:9      | Bought an uncursed ring of wizardry for 360 gold pieces
 13473 | D:10     | Found a flagged portal.
 13486 | Bailey   | Entered a bailey
 13705 | Bailey   | Gained mutation: You are in touch with the powers of death.
                  | [Mummy growth]
 13705 | Bailey   | Reached XP level 13. HP: 64/86 MP: 18/30
 14090 | D:10     | Reached skill level 15 in Necromancy
 14114 | D:10     | Found the +5 scythe "Finisher" {speed, Str+3}
 14269 | D:10     | Found Gubiokhlaniu's Gadget Shop.
 14358 | D:10     | Got a dazzling leather armour
 14370 | D:10     | Identified the +3 leather armour of Good Intentions {rN++
                  | Str-3 Int+6} (You found it on level 10 of the Dungeon)
 15494 | Lair:1   | Entered Level 1 of the Lair of Beasts
 16338 | Lair:2   | Reached skill level 5 in Dodging
 16419 | Lair:2   | Found a staircase to the Snake Pit.
 16458 | Lair:2   | Found a staircase to the Swamp.
 16708 | Lair:2   | Noticed a fire dragon
 16717 | Lair:2   | Killed a fire dragon
 17428 | Lair:3   | Noticed a dire elephant
 17437 | Lair:3   | Killed a dire elephant
 17777 | Lair:3   | Reached skill level 5 in Fighting
 17777 | Lair:3   | Reached XP level 14. HP: 57/98 MP: 0/31
 18750 | Lair:4   | Got a transparent granite ring
 19024 | Lair:4   | Identified the ring of the Lonely Tables {rN+ Int+4} (You
                  | found it on level 4 of the Lair of Beasts)
 19256 | Lair:5   | Found a frozen archway.
 19266 | IceCv    | Entered an ice cave
 20720 | IceCv    | Got a smoking falchion
 20737 | IceCv    | Identified the +3 falchion "Tosoe" {slice, rF+ rC+ rN+}
                  | (You found it in an ice cave)
 21299 | Lair:6   | Entered Level 6 of the Lair of Beasts
 21336 | Lair:6   | Reached skill level 16 in Necromancy
 21358 | Lair:6   | Got an ichor-stained long sword
 21359 | Lair:6   | Identified the +3 long sword "Dusetone" {venom, Str+4
                  | Dex+4} (You found it on level 6 of the Lair of Beasts)
 21884 | Lair:6   | Found a staircase to the Slime Pits.
 22086 | Lair:6   | Found a runed door.
 22241 | Lair:6   | Reached skill level 17 in Necromancy
 22897 | Lair:6   | Reached XP level 15. HP: 73/110 MP: 11/32
 24192 | D:12     | Reached skill level 18 in Necromancy
 24671 | D:12     | Reached skill level 1 in Evocations
 25257 | D:13     | Found Rucoch's Antique Weapon Shoppe.
 25374 | D:13     | Found Jiot's Distillery.
 25525 | D:13     | Got a pair of polished gloves
 25536 | D:13     | Identified the +1 pair of gloves "Raf Widd" {rPois Str+7}
                  | (You found it on level 13 of the Dungeon)
 25551 | D:13     | Found Biar's Distillery.
 25579 | D:13     | You fall through a shaft!
 25622 | D:15     | Entered Level 15 of the Dungeon
 25993 | D:15     | Found Goabbuem's Weapon Shop.
 26188 | D:15     | Found a staircase to the Depths.
 26368 | D:15     | Identified Juhanyz's Disquisition on Poison
 26760 | D:15     | Noticed Josephine
 26783 | D:15     | Killed Josephine
 26981 | D:14     | Found a burning altar of Makhleb.
 27039 | D:13     | Found Dudetzy's Book Shop.
 27536 | D:13     | Found Qafavvuc's Assorted Antiques.
 27895 | D:14     | Found a gate to the Vaults.
 28617 | Elf:1    | Entered Level 1 of the Elven Halls
 28642 | Elf:1    | Reached XP level 16. HP: 100/120 MP: 11/34
 28793 | Elf:1    | Reached skill level 10 in Dodging
 28814 | Elf:1    | HP: 2/120 [deep elf mage/bolt of lightning (22)]
 30035 | Elf:1    | HP: 1/121 [deep elf archer/arrow (22)]
 30036 | Elf:1    | Shot with an arrow by a deep elf archer

Vault maps used:
D:1:      tarquinn_simple_flora_water_f
D:2:      nicolae_dithmenos_through_a_glass_darkly, wad_floor_pattern_2,
          uniq_jessica, uniq_robin
D:3:      overflow_temple_1_default, first_ration, uniq_terence
D:4:      nicolae_overflow_crystal_walls, serial_bayou_ford_a, uniq_edmund
D:5:      lemuel_coloured_pillars_altar, temple_fountains, uniq_eustachio,
          uniq_pikel
D:7:      tso_altar, kennysheep_mini
D:8:      hangedman_little_slice_of_home, uniq_grum
D:9:      minmay_the_grid_octo_2x2, serial_shops, shop,
          nicolae_shop_temple_entry_statues_fountains, nicolae_shop_waterfront,
          shop, shop
D:10:     lair_entry_dummy, enter_bailey_7, serial_shops, nicolae_shop_crystal,
          minmay_guarded_unrand_finisher
D:13:     serial_shops, shop, nicolae_shop_overgrown_old_shop, shop,
          kennysheep_mini_moat, nicolae_shop_waterfront
D:14:     lightli_vaults_fourway_checkpoint, basic_altar,
          kennysheep_cluttered_room
D:15:     gammafunk_depths_entry_grave, serial_shops, shop, minivault_19,
          lemuel_old_faithful, uniq_josephine
Temple:   regret_index_temple_sphere_string
Lair:2:   dragon1_lemuel, minmay_swamp_entry_wisps,
          minmay_snake_entry_guardpost_small
Lair:3:   mu_elephants_graveyard, small_statue_intersection,
          minmay_lair_oklob_chamber
Lair:4:   ice2_lemuel
Lair:5:   portal_ice_cave_entry_pillars_1, ldierk_geyser
Lair:6:   guppyfry_lair_end_dragon, wormcave, minmay_slime_entry_oklob_open
Orc:1:    serial_shops, shop, nicolae_orc_tapped_out
Orc:2:    st_orc_ogre_mass, basic_altar
Elf:1:    minmay_elf_demonology
Bailey:   bailey_axe_1, bailey
IceCv:    ice_cave_tombish

Skill      XL: |  1  2  3  4  5  6  7  8  9 10 11 12 13 14 15 16 |
---------------+-------------------------------------------------+-----
Short Blades   | 3 4 6 7 8 |  8.0
Spellcasting   | 3 4 6 9 11 13 14 | 14.5
Necromancy     | 2 4 7 10 12 14 15 17 18 | 18.0
Shields        | 3 5 |  5.4
Dodging        | 8 9 10 | 10.3
Fighting       | 5 8 9 |  9.7
Evocations     | 3 4 |  4.0
Stealth        | |  1.5

Action                   |  1- 3 |  4- 6 |  7- 9 | 10-12 | 13-15 | 16-18 || total
-------------------------+-------+-------+-------+-------+-------+-------++-------
Melee: Short sword       |   130 |   248 |   503 |       |       |       ||   881
       Rapier            |       |       |   258 |   146 |       |       ||   404
       Scimitar          |       |       |       |   273 |   361 |    52 ||   686
 Cast: Corpse Rot        |       |       |     2 |    18 |     4 |       ||    24
       Blink             |       |       |     1 |       |    16 |       ||    17
       Agony             |       |       |       |    62 |    16 |     2 ||    80
       Vampiric Draining |       |       |       |    75 |     2 |       ||    77
       Bolt of Draining  |       |       |       |    48 |   526 |    40 ||   614
       Dispel Undead     |       |       |       |       |    61 |       ||    61
       Animate Dead      |       |       |       |       |    33 |     7 ||    40
Invok: Receive Corpses   |       |       |       |     1 |     8 |     3 ||    12
Evoke: Wand              |       |     2 |     7 |     6 |     1 |       ||    16
       Staff of energy   |       |       |       |       |    10 |       ||    10
  Use: Scroll            |     1 |       |     6 |     9 |     8 |     1 ||    25
 Stab: Sleeping          |       |       |     1 |     2 |       |       ||     3
       Distracted        |       |       |       |     1 |     4 |     1 ||     6
Armor: Plate armour      |   106 |    44 |       |       |       |       ||   150
       Robe              |     2 |       |       |       |    14 |       ||    16
       Scale mail        |       |    27 |   138 |       |       |       ||   165
       Leather armour    |       |       |    83 |   178 |   131 |       ||   392
       Fire dragon scale |       |       |       |       |    42 |    31 ||    73
Dodge: Dodged            |    29 |    20 |   187 |   310 |   291 |    39 ||   876
Block: Shield            |       |    48 |    92 |       |       |       ||   140
       Buckler           |       |       |    64 |   221 |   180 |    34 ||   499
       Rpst.: Scimitar   |       |       |       |    58 |    80 |     7 ||   145

Table legend:
 A = Non-vault XP
 B = Vault XP
 C = Vault XP percentage of total XP
 D = Non-vault monster count
 E = Vault monster count
 F = Vault count percentage of total count
                 A         B        C        D         E       F
            +---------+---------+-------+---------+---------+-------
      Total |   95634 |   70291 |  42.4 |     580 |     250 |  30.1
            +---------+---------+-------+---------+---------+-------
        D:1 |      41 |       0 |   0.0 |      22 |       0 |   0.0
        D:2 |      68 |     105 |  60.7 |      26 |      12 |  31.6
        D:3 |     305 |       0 |   0.0 |      32 |       0 |   0.0
        D:4 |     196 |     154 |  44.0 |      16 |       1 |   5.9
        D:5 |     569 |     862 |  60.2 |      22 |       2 |   8.3
        D:6 |     409 |       0 |   0.0 |      11 |       0 |   0.0
        D:7 |    1927 |       0 |   0.0 |      20 |       0 |   0.0
        D:8 |    1378 |     703 |  33.8 |      28 |      12 |  30.0
        D:9 |    1278 |    2084 |  62.0 |      32 |       9 |  22.0
       D:10 |    2608 |    1070 |  29.1 |      30 |       9 |  23.1
       D:11 |    2440 |       0 |   0.0 |      19 |       0 |   0.0
       D:12 |    6811 |       0 |   0.0 |      37 |       0 |   0.0
       D:13 |    8794 |       0 |   0.0 |      33 |       0 |   0.0
       D:14 |    5587 |    5482 |  49.5 |      19 |      12 |  38.7
       D:15 |    8248 |    6294 |  43.3 |      19 |      12 |  38.7
     Lair:1 |    3454 |       0 |   0.0 |      17 |       0 |   0.0
     Lair:2 |    1895 |    1970 |  51.0 |       9 |       8 |  47.1
     Lair:3 |    2519 |   10989 |  81.4 |      11 |      26 |  70.3
     Lair:4 |    4478 |    1810 |  28.8 |      23 |      12 |  34.3
     Lair:5 |    6236 |       0 |   0.0 |      17 |       0 |   0.0
     Lair:6 |   18264 |   11481 |  38.6 |      54 |      35 |  39.3
      Orc:1 |    2932 |    1000 |  25.4 |      24 |       2 |   7.7
      Orc:2 |    3528 |   19093 |  84.4 |      38 |      42 |  52.5
      Elf:1 |   11669 |    2228 |  16.0 |      21 |       4 |  16.0
     Bailey |       0 |    1301 | 100.0 |       0 |      32 | 100.0
      IceCv |       0 |    3665 | 100.0 |       0 |      20 | 100.0
            +---------+---------+-------+---------+---------+-------
